[Event "Slovakian ECo-C Extraliga 2024-25"]
[Site "Slovakia"]
[Date "2025.01.19"]
[Round "4"]
[White "Pechac, Jergus"]
[Black "Mazur, Stefan"]
[Result "1-0"]
[Annotator "TA"]
[ECO "C50"]
[WhiteElo "2599"]
[BlackElo "2444"]
[PlyCount "87"]
[EventDate "2024.09.12"]
[EventType "team-tourn"]
[EventCountry "SVK"]
[SourceTitle "playchess.com"]
[Source "ChessBase"]
[SourceQuality "1"]
[TimeControl "5400+30"]

1. e4 e5 2. Nf3 Nc6 3. Bc4 Nf6 4. d3 Bc5 5. c3 d6 6. O-O h6 7. Re1 O-O 8. h3 a5 9. Bb5 Na7 10. Ba4 b5 11. Bc2 Nc6 12. d4 Bb6 13. a4 b4 14. Be3 bxc3 15. bxc3 exd4 16. cxd4 Nb4 17. Nc3 Re8 18. d5 Nd7 19. Bb1 Qf6 20. Ra3 Ba6 21. Ne2 Ne5 22. Bxb6 Bxe2 23. Qxe2 cxb6 24. Qb5 Rec8 25. Nxe5 Qxe5 26. Qxb6 Rc5 27. Rf3 Rac8 28. Bd3 Rc1 29. Rxc1 Rxc1+ 30. Bf1 Qxe4 31. Qb8+ (31. Qxd6 $2 Qe2 32. Qb8+ Kh7 $19) (31. Qxa5 $2 Qc4 32. Kh2 Rxf1 $19) (31. Qb7 $15 Qxd5 (31... Nxd5 32. Qxf7+ Kh8 33. g4 $11) 32. Qb8+ Kh7 33. Qb5) 31... Kh7 $17 32. Qb5 {[%emt 0:00:05] Dodges Nd3} (32. Qxd6 $2 Qc4 (32... Qxd5 33. Qxd5 Nxd5 34. Rxf7 $16) 33. Kh2 Rxf1 $19 (33... Qxf1 34. Qe5 $11)) (32. Rxf7 $2 Rxf1+ (32... Qxd5 33. Qe8 $11) 33. Kh2 Qe5+ (33... Nxd5 $2 34. Qxd6 Rd1 35. Qg3 $19) (33... Qxd5 $2 34. Qf8 $19) 34. f4 Qe1 $19 (34... Qxd5 $2 35. Qa7 $18) (34... Rxf4 $2 35. Rxf4 Qxf4+ 36. Kh1 $19)) 32... Nxd5 {[%emt 0:03:47] White is weak on the dark squares} 33. Kh2 $1 Qe5+ 34. g3 f5 {[%emt 0:02:06] [#]} (34... Nc7 {simplifies} 35. Qb3 Qe6 36. Qxe6 Nxe6 37. Bb5 Ng5) 35. Rxf5 $1 Qe1 $1 {[%emt 0:01:23] aiming for ...Nc3.} (35... Qxf5 $2 36. Bd3 $18) 36. Kg2 (36. Rxd5 Qxf2+ (36... Qxf1 37. Qxf1 Rxf1 38. Kg2 $16) 37. Kh1 Rxf1+ (37... Qxf1+ 38. Qxf1 Rxf1+ 39. Kg2 $11)) 36... Ne3+ $2 37. fxe3 $18 Rc2+ {[%emt 0:00:04] [#]} 38. Kf3 $1 {[%emt 0:00:05][%cal Of1d3] And now Bd3! would win.} Rf2+ 39. Ke4 d5+ 40. Qxd5 (40. Kxd5 $2 {perishes.} Rxf5+ 41. Kc6 Rxb5 $19) 40... Qb4+ 41. Bc4 Qb1+ 42. Bd3 Qb4+ 43. Qc4 {[%emt 0:00:00] White threatens Qxb4 and mate.} Qe7+ 44. Kd4 1-0

[Event "Slovakian ECo-C Extraliga 2024-25"]
[Site "Slovakia"]
[Date "2025.01.19"]
[Round "4"]
[White "Michalik, Peter"]
[Black "Karacsonyi, Gellert"]
[Result "1-0"]
[Annotator "TA"]
[ECO "D24"]
[WhiteElo "2558"]
[BlackElo "2384"]
[PlyCount "97"]
[EventDate "2024.09.12"]
[EventType "team-tourn"]
[EventCountry "SVK"]
[SourceTitle "playchess.com"]
[Source "ChessBase"]
[SourceQuality "1"]
[TimeControl "5400+30"]

1. d4 Nf6 2. c4 e6 3. Nf3 d5 4. Nc3 dxc4 5. e4 b5 6. e5 $1 {[%emt 0:00:07] D24: Queen's Gambit Accepted: 3 Nf3 Nf6 4 Nc3.} Nd5 7. Nxb5 Nb6 8. Be2 {[%emt 0:00:18] White is slightly better. White is much more active.} Nc6 9. Be3 Be7 10. a3 Qd7 11. Nc3 Bb7 12. Qc2 Na5 13. Rd1 f5 14. h4 $5 {[%emt 0:00:30][%mdl 4] Leaves trodden paths.} O-O 15. h5 $146 (15. Rg1 Rad8 16. Ng5 Bxg5 17. Bxg5 Rb8 18. h5 h6 19. Bh4 Nb3 20. g4 Nxd4 21. Qc1 {1-0 Gajewski,G (2608)-Kollars,D (2621) POL-chT Ekstraliga 2021 (8.2)}) 15... Rab8 16. O-O Ba6 (16... h6 $15 {stays ahead.}) 17. h6 {[%emt 0:07:26] White now steadily converts the win.} ({White should play} 17. d5 $1 $16) 17... g6 {[%emt 0:00:38] [#]} ({Black should play} 17... f4 $1 $14) 18. d5 $1 $16 Bb7 19. dxe6 {[%emt 0:03:10][%csl Oe6] White has a strong passed pawn} Qxe6 20. Nb5 f4 (20... c5 $16 {was necessary.} 21. Rfe1 (21. Nxa7 Nb3 $16) 21... f4) 21. Nxc7 Qf5 22. Qxf5 Rxf5 23. Bd2 Nb3 24. Bc3 Nc5 25. Nb5 Ne4 26. Bd4 Bc5 (26... Ng5 $142 27. Nxg5 (27. Nxa7 Nxf3+ 28. gxf3 Rg5+ 29. Kh2 Rh5+ 30. Kg2 Rg5+ 31. Kh1 Rh5+ 32. Kg1 Rg5+ 33. Kh2 Rh5+ 34. Kg2 Rg5+ 35. Kh1 Rh5+ 36. Kg1 Rg5+ $11) (27. Nh4 Nh3+ 28. Kh2 Bxh4 $18) 27... Rxg5) 27. Rfe1 $18 Bxd4 28. Rxd4 Ng5 (28... Kf8 $142 29. Nxa7 (29. Bxc4 Nxc4 30. Rxc4 Bd5 $18) 29... Nc5) 29. Nd6 (29. Nxa7 Re8 30. e6 (30. Bxc4+ Nxc4 31. Nxg5 Rxg5 $17) 30... Bd5 31. Nxg5 Rxg5 $18) 29... Bxf3 30. Nxf5 ({Less strong is} 30. gxf3 Rxe5 31. Kf1 (31. Nxc4 $2 {is the wrong capture.} Rxe2 32. Rxe2 Nxf3+ 33. Kg2 Nxd4 $19) 31... Ne6 32. Bxc4 (32. Nxc4 $2 Rxe2 33. Rxe2 Nxd4 $19) 32... Rxe1+ 33. Kxe1 Nxc4 34. Rxc4 Kf8 $16) 30... Bxe2 31. Ne7+ Kf7 {[%emt 0:01:23] [#] White must now prevent ...Bf3.} 32. Nc6 $1 (32. Rxf4+ Kxe7 33. Rxe2 Ne6 $11) 32... Rc8 33. Rxf4+ Ke8 34. Nxa7 Bd3 35. Nxc8 Nxc8 36. Rd4 Ne7 37. Re3 Ne6 38. Rdxd3 cxd3 39. Rxd3 Nf4 40. Rd6 Nf5 41. Rf6 Nd3 {[%emt 0:00:00] [#]} 42. Rxg6 $1 Nxb2 {[%emt 0:00:00] [#]} (42... Nc5 43. b4) 43. g4 $1 Nh4 (43... Nd4 44. Rg8+) 44. Rg8+ Kf7 45. Rg7+ Ke6 46. Rxh7 {[%emt 0:00:00] Hoping for Rg7.} Nd3 47. Rg7 {[%emt 0:00:00] Intending h7 and mate.} Nxe5 48. h7 (48. f4 $142 Nf7 49. h7 Nh8 50. Rg8 Kf6 51. f5 (51. Rxh8 Kg7 $18) 51... Nf7 52. Kf2 (52. h8=R Nxh8 53. Rxh8 Nf3+ 54. Kg2 Ne5 $18) (52. h8=N Nd6 $18) (52. h8=B+ Nxh8 53. Rxh8 Nf3+ 54. Kg2 Ne5 $18) 52... Nf3 53. Kxf3) 48... Neg6 {[%emt 0:00:00] [#]} 49. f4 $1 {[%emt 0:00:00] Weighted Error Value: White=0.21 (precise) /Black=0.84  Mistake:       	White=1     	Black=5      Inaccurate:     	White=4     	Black=4      OK:         	White=14    	Black=10     Best:        	White=2     	Black=1      Strong:       	White=1     	---        Brilliant:      	White=1     	---} 1-0

[Event "Slovakian ECo-C Extraliga 2024-25"]
[Site "Slovakia"]
[Date "2025.01.19"]
[Round "4"]
[White "Haring, Filip"]
[Black "Moroni, Luca Jr"]
[Result "0-1"]
[Annotator "TA"]
[ECO "B10"]
[WhiteElo "2469"]
[BlackElo "2545"]
[PlyCount "106"]
[EventDate "2024.09.12"]
[EventType "team-tourn"]
[EventCountry "SVK"]
[SourceTitle "playchess.com"]
[Source "ChessBase"]
[SourceQuality "1"]
[TimeControl "5400+30"]

1. e4 c6 2. Nf3 d5 3. d3 g6 4. Nbd2 Bg7 5. d4 dxe4 6. Nxe4 Nf6 7. Nxf6+ exf6 8. Be2 {[%emt 0:03:05] The position is equal.} O-O 9. O-O Re8 10. Be3 a5 11. c4 Na6 12. Qd2 Bf8 13. Rfd1 Bb4 14. Qc1 Bd6 15. h3 Bf5 16. a3 a4 17. Qc3 Nc7 18. Bd3 Be6 19. Rac1 Bd7 20. Bf1 h5 21. Qd2 Bf5 22. Bd3 {[%emt 0:04:24] With the idea Bxf5.} Qd7 23. Bxf5 Qxf5 24. Qd3 Qxd3 25. Rxd3 f5 26. Kf1 f6 27. Bd2 Kf7 28. Ng1 Ne6 29. Ne2 Red8 30. Rd1 f4 31. Be1 g5 32. f3 Ng7 33. Bf2 Nf5 34. Nc3 Be7 35. d5 c5 36. Ne4 b6 (36... Nd6 $11) 37. b3 (37. d6 $14 Bf8 38. h4 gxh4 39. Rd5) 37... Nd6 $11 38. Rb1 (38. Nxd6+ $11 Bxd6 39. Re1) 38... Nxe4 $17 39. fxe4 axb3 (39... Bd6 $17 {Threatens to win with ...Re8.} 40. g3 axb3) 40. Rdxb3 $15 Ra4 41. Rc3 Rb8 42. Ke2 (42. Rcb3 $1 $11 {keeps the balance.}) 42... Bd6 43. Rcb3 Rxc4 44. Rxb6 Rc2+ ({And not} 44... Rxe4+ 45. Kd3 Ree8 (45... Rxb6 $2 46. Rxb6 Ra4 47. Rxd6 $18) 46. Rxb8 Bxb8 47. Bxc5 $16) 45. Kf1 Rxb6 46. Rxb6 $17 {[%emt 0:00:00][%mdl 4096] Endgame. KRB-KRB} Be5 {[%emt 0:00:00] White must now prevent ...g4. Black is more active.} 47. a4 $2 {[%mdl 8192] Loses the game.} (47. Rc6 $17) 47... g4 $19 48. hxg4 hxg4 {[%emt 0:00:00] [#] Strongly threatening ...g3.} 49. Rc6 c4 50. a5 (50. d6 $142 f3 51. gxf3 gxf3 52. Be3) 50... f3 51. gxf3 gxf3 52. Be3 {[%emt 0:02:36] Wards off Rc1+} Re2 $2 (52... Bg3 {( -> ...Re2)} 53. e5 fxe5 54. Rc7+ Kg6) 53. Rxc4 $2 {[%emt 0:02:12] [#]} (53. Bf2 $19 Rc2 (53... Rxe4 $2 {too greedy.} 54. a6 $18) 54. Bh4) 53... Bg3 {[%emt 0:00:00] Weighted Error Value: White=0.49/Black=0.16 (very precise) .  Loses game:     	White=1     	---        Mistake:       	White=4     	Black=2      Inaccurate:     	White=1     	Black=1      OK:         	White=19    	Black=21     Best:        	---       	Black=2} 0-1

[Event "Slovakian ECo-C Extraliga 2024-25"]
[Site "Slovakia"]
[Date "2025.01.19"]
[Round "4"]
[White "Raczek, Krzysztof"]
[Black "Borosova, Zuzana"]
[Result "1-0"]
[Annotator "TA"]
[ECO "B90"]
[WhiteElo "2443"]
[BlackElo "2174"]
[PlyCount "91"]
[EventDate "2024.09.12"]
[EventType "team-tourn"]
[EventCountry "SVK"]
[SourceTitle "playchess.com"]
[Source "ChessBase"]
[SourceQuality "1"]
[TimeControl "5400+30"]

1. e4 c5 2. Nf3 d6 3. d4 cxd4 4. Nxd4 Nf6 5. Nc3 a6 6. Be3 e5 7. Nf3 Be7 8. Bc4 O-O 9. O-O Be6 10. Bb3 Bxb3 {[%emt 0:08:09] B90: Sicilian Najdorf: Unusual White 6th moves, 6 Be3 Ng4 and 6 Be3 e5.} (10... Nc6 $11) 11. axb3 Nbd7 12. Bg5 Rc8 {[%emt 0:03:48] White is slightly better.} 13. Re1 Ne8 14. Bxe7 $146 (14. Be3 Nef6 15. Nd2 h6 16. Nf1 Qc7 17. Ng3 Rfd8 18. Nf5 Bf8 19. Qf3 Qc6 20. Rad1 {1-0 Hracek,Z (2555)-Fellman,M (2107) Olympiad-44 Chennai 2022 (1.3)}) 14... Qxe7 15. Nd2 Nb6 16. Nf1 Qe6 17. Ne3 Nf6 18. Qf3 Rfd8 19. Red1 Rd7 20. Rd2 Rcd8 21. Ra5 g6 22. h4 h5 23. Ncd5 Nbxd5 24. Nxd5 Kg7 25. c4 {[%emt 0:02:21][%csl Od5] Strong Square White (d5) White is more active.} (25. c3 $16) 25... Nxd5 $14 26. Raxd5 Qg4 {[%emt 0:02:40] Black is now going downhill.} 27. Qxg4 hxg4 $16 {[%emt 0:00:02][%mdl 4096] Endgame KRR-KRR} 28. c5 Kf6 (28... b6 $16) 29. Rxd6+ (29. cxd6 Rh8 $11 (29... Ke6 30. Kh2 $17)) 29... Rxd6 30. Rxd6+ ({Don't take} 30. cxd6 Ke6 $16) 30... Rxd6 31. cxd6 $18 {[%emt 0:18:31] KP-KP. White is a pawn up.} Ke6 $2 {[%emt 0:00:30] [#]} (31... g3 32. fxg3 Ke6) 32. Kh2 $1 Kxd6 33. Kg3 Kc5 34. Kxg4 Kb4 35. Kf3 {[%emt 0:00:30] aiming for g4.} Kxb3 {[%emt 0:00:30] [#]} 36. g4 $1 {[%emt 0:00:30] White mates.} Kxb2 37. h5 gxh5 38. gxh5 a5 39. h6 a4 40. h7 a3 41. h8=Q (41. h8=R $2 a2 42. Rb8 a1=Q $19 (42... a1=B $2 {is the wrong capture.} 43. Rxb7+ Kc2 44. Ke2 $18)) 41... a2 42. Qxe5+ Kb1 43. Qb5+ Kc2 44. Qa4+ Kb2 45. Qb4+ Kc2 46. Qa3 {[%emt 0:00:30] Weighted Error Value: White=0.12 (very precise) /Black=0.47  Mistake:       	White=1     	Black=2      Inaccurate:     	White=1     	Black=4      OK:         	White=5     	Black=5      Best:        	White=1     	Black=1      Strong:       	White=1     	---} 1-0

[Event "Slovakian ECo-C Extraliga 2024-25"]
[Site "Slovakia"]
[Date "2025.01.19"]
[Round "4"]
[White "Stohl, Igor"]
[Black "Ongut, Tamas Gunes"]
[Result "1/2-1/2"]
[Annotator "TA"]
[ECO "A20"]
[WhiteElo "2410"]
[BlackElo "2262"]
[PlyCount "43"]
[EventDate "2024.09.12"]
[EventType "team-tourn"]
[EventCountry "SVK"]
[SourceTitle "playchess.com"]
[Source "ChessBase"]
[SourceQuality "1"]
[TimeControl "5400+30"]

1. c4 e5 2. d3 Nf6 3. Nf3 Nc6 4. a3 a5 5. b3 g6 6. Bb2 {[%emt 0:01:03] A20: English Opening: 1...e5.} d6 7. e3 Bg7 8. Be2 O-O 9. O-O Re8 10. Nc3 h6 11. Rc1 $146 (11. Qc2 Bf5 12. Rfd1 Qc8 13. Nd5 Ne7 14. Rac1 Qd8 15. Nxf6+ Bxf6 16. Nd2 Bg7 17. Ne4 {1-0 Bharath,S (2515)-Hamblok,R (2241) Titled Tuesday intern op 30th Jan Early blitz 2024 (6)}) 11... e4 12. Ne1 Bf5 13. Nb5 Ne5 14. dxe4 Bxe4 15. Nd3 Ned7 16. Bf3 Bxf3 {[%emt 0:01:59] The position is equal.} 17. Qxf3 Ne4 18. Bxg7 Kxg7 19. Rfd1 c6 20. Nc3 Nxc3 21. Rxc3 Qf6 22. Qxf6+ {[%emt 0:00:15] A rather calm draw.   Weighted Error Value: White=0.07 (flawless) /Black=0.09 (flawless)   Inaccurate:     	---       	Black=2      OK:         	White=4     	Black=8} 1/2-1/2

[Event "Slovakian ECo-C Extraliga 2024-25"]
[Site "Slovakia"]
[Date "2025.01.19"]
[Round "4"]
[White "Hrabusa, Matej"]
[Black "Jurcik, Marian"]
[Result "1/2-1/2"]
[Annotator "TA"]
[ECO "A20"]
[WhiteElo "2356"]
[BlackElo "2411"]
[PlyCount "26"]
[EventDate "2024.09.12"]
[EventType "team-tourn"]
[EventCountry "SVK"]
[SourceTitle "playchess.com"]
[Source "ChessBase"]
[SourceQuality "1"]
[TimeControl "5400+30"]

1. c4 e5 2. g3 Nf6 3. Bg2 d5 4. cxd5 Nxd5 5. Nf3 Nc6 6. O-O Nf6 7. Nc3 Bc5 (7... Be7 $11 {remains equal.}) 8. d3 h6 9. b3 O-O 10. Bb2 Re8 11. Rc1 Bb6 12. Na4 Qd6 13. a3 Bg4 1/2-1/2

[Event "Slovakian ECo-C Extraliga 2024-25"]
[Site "Slovakia"]
[Date "2025.01.19"]
[Round "4"]
[White "Turcan, Richard"]
[Black "Stalmach, Richard"]
[Result "0-1"]
[Annotator "TA"]
[ECO "E46"]
[WhiteElo "2353"]
[BlackElo "2455"]
[PlyCount "66"]
[EventDate "2024.09.12"]
[EventType "team-tourn"]
[EventCountry "SVK"]
[SourceTitle "playchess.com"]
[Source "ChessBase"]
[SourceQuality "1"]
[TimeControl "5400+30"]

1. d4 Nf6 2. c4 e6 3. Nc3 Bb4 4. e3 O-O 5. Bd2 d5 6. Nf3 b6 7. cxd5 exd5 8. Rc1 Bb7 9. Bd3 Re8 10. Ne5 {[%emt 0:04:54] The position is equal.} Bf8 11. O-O c5 12. f4 Nc6 13. Ne2 Rc8 14. Be1 Ne4 15. Bxe4 dxe4 16. Nxf7 Kxf7 17. Qb3+ c4 18. Qxc4+ Kg6 $1 {[%emt 0:00:24][%cal Oc6b4] Hoping for ...Nb4!} 19. f5+ Kh6 {[%emt 0:00:41][%cal Oc6b4] And now ...Nb4! would win.} 20. Bg3 Ne5 {[%emt 0:05:17] Prevents Qf7} 21. Qg8 Be7 $1 22. Rxc8 Bxc8 {[%emt 0:00:24] A strong pair of Bishops.} 23. Bf4+ Bg5 24. Bxg5+ Qxg5 25. Qxe8 Qxe3+ 26. Kh1 $1 (26. Rf2 $2 Nd3 27. h3 (27. Qc6+ $2 g6 $19) 27... Qxf2+ $19) 26... Qxe2 27. Rc1 Nd3 $40 {[%emt 0:00:16][%mdl 128] Black is up to no good.} 28. Rc6+ (28. Rxc8 $2 Qf1#) 28... Kg5 {[%emt 0:00:07][%cal Re2d1] Some like it hot} 29. Qe7+ $2 {[%emt 0:00:39][%mdl 8192] [#]} (29. Qxc8 $2 Qf1#) (29. h3 $1 $11) 29... Kf4 $1 $19 (29... Kh5 30. Qf7+ Kh4 31. Qe7+ (31. Rxc8 $2 Qf1#) 31... Kh5 32. Qf7+ Kh4 33. Qe7+ (33. Rxc8 $2 Qf1#) 33... Kh5 $11) 30. Qh4+ $2 {[%emt 0:01:29] [#]} (30. h3 Qe1+ (30... Bxf5 31. Qh4+ Ke3 32. Qg5+ Kxd4 33. Qxf5 $18) 31. Kh2 Qg3+ (31... Bxf5 $2 32. Qxg7 Ke3 33. Qg5+ Kxd4 34. Rd6+ Kc5 35. Qe7 $18) 32. Kg1 Qf2+ (32... Bxf5 $2 33. Qd6+ Ke3 34. Qxg3+ $18) 33. Kh1 Bxf5 34. Qxg7) 30... Ke3 $1 {[%emt 0:00:06][%cal Re2f1] Black is clearly winning.} (30... Kxf5 31. g4+ (31. Qh3+ Kg5 $11) 31... Qxg4 32. Qxg4+ Kxg4 33. Rxc8 $11) 31. Qg5+ Kf2 $1 32. Qg3+ Kf1 {[%emt 0:00:05] ( -> ...Nf2+)} 33. h3 Qf2 {[%emt 0:00:15] Weighted Error Value: White=0.34/Black=0.00 (flawless) .  Loses game:     	White=1     	---        Mistake:       	White=1     	---        Inaccurate:     	White=1     	---        OK:         	White=12    	Black=11     Best:        	White=4     	Black=3      Strong:       	White=1     	Black=5} 0-1

[Event "Slovakian ECo-C Extraliga 2024-25"]
[Site "Slovakia"]
[Date "2025.01.19"]
[Round "4"]
[White "Pacher, Milan"]
[Black "Molnar, Erno"]
[Result "1/2-1/2"]
[Annotator "TA"]
[ECO "C54"]
[WhiteElo "2317"]
[BlackElo "2220"]
[PlyCount "72"]
[EventDate "2024.09.12"]
[EventType "team-tourn"]
[EventCountry "SVK"]
[SourceTitle "playchess.com"]
[Source "ChessBase"]
[SourceQuality "1"]
[TimeControl "5400+30"]

1. e4 e5 2. Nf3 Nc6 3. Bc4 Bc5 4. c3 Nf6 5. d3 a6 6. a4 {[%emt 0:01:21] C54: Giuoco Piano: 4 c3 Nf6, main lines with 5 d4 and 5 d3.} Ba7 7. Bg5 d6 8. Nbd2 h6 9. Bh4 Qe7 {[%emt 0:02:46] The main line 9...Qe7 scores better than 9...g5.} 10. b4 Be6 11. O-O Bxc4 12. Nxc4 Qe6 13. Bxf6 Qxf6 14. b5 Ne7 15. Rb1 O-O 16. a5 $146 (16. b6 cxb6 17. Nxb6 Qe6 18. Nxa8 Rxa8 19. Rxb7 {1-0 Zwirs,N (2467)-Van der Hagen,L (2334) Dortmund Sparkassen op-A 51st 2024 (4)}) 16... axb5 17. Rxb5 Rfb8 18. Qb3 {[%emt 0:03:36] White plays on the queen side and is better} b6 19. axb6 Bxb6 20. Nxb6 cxb6 21. Rxb6 {[%emt 0:01:08] White is more active.} (21. Nd2 $16) 21... Rxb6 $14 22. Qxb6 Ng6 23. Qe3 Ra2 24. g3 {[%emt 0:00:56] Prevents Nf4.} Rc2 25. c4 Nf8 26. Nh4 Ne6 27. Nf5 Nd4 $1 {[%emt 0:00:52] The position is equal.} 28. Nxd4 exd4 $11 {[%emt 0:00:12][%mdl 4096] Endgame KQR-KQR. White is a pawn up.} 29. Qe1 (29. Qf4 {simplifies} Qxf4 30. gxf4 f5 31. Re1) 29... Qf3 30. Qd1 Re2 31. Qb1 Kh7 32. Qb5 Qxd3 33. Qf5+ Kg8 34. Qc8+ Kh7 35. Qf5+ Kg8 36. Qc8+ Kh7 {[%emt 0:00:12] Weighted Error Value: White=0.08 (flawless) /Black=0.06 (flawless)   Mistake:       	White=1     	---        Inaccurate:     	White=3     	Black=3      OK:         	White=16    	Black=12     Best:        	White=1     	Black=2      Strong:       	---       	Black=1} 1/2-1/2

[Event "Slovakian ECo-C Extraliga 2024-25"]
[Site "Slovakia"]
[Date "2025.01.19"]
[Round "4"]
[White "Hros, Roman"]
[Black "Straka, Jozef"]
[Result "1/2-1/2"]
[Annotator "TA"]
[ECO "C47"]
[WhiteElo "2230"]
[BlackElo "2279"]
[PlyCount "120"]
[EventDate "2024.09.12"]
[EventType "team-tourn"]
[EventCountry "SVK"]
[SourceTitle "playchess.com"]
[Source "ChessBase"]
[SourceQuality "1"]
[TimeControl "5400+30"]

1. e4 e5 2. Nf3 Nc6 3. Nc3 Nf6 4. d4 exd4 5. Nxd4 Bb4 6. Nxc6 bxc6 7. Bd3 d5 8. exd5 cxd5 9. O-O O-O 10. h3 Be6 11. Qf3 Be7 12. Bf4 c5 13. Rad1 Qb6 14. b3 c4 15. Be2 $1 Rfd8 16. Be5 Qa5 17. Qg3 Rac8 {[%emt 0:01:43] Against Bc7} 18. bxc4 dxc4 19. Rxd8+ Qxd8 20. Bf3 Qa5 21. Rb1 Kh8 22. Rb7 Bf8 23. Bd4 (23. Qg5 {is interesting.} Rc5 24. Rb8 Bc8 25. Qf4) 23... a6 (23... Qf5 $11) 24. Qh4 (24. Qf4 $16) 24... h6 25. Rb6 (25. Qf4 $14 {deserves consideration.}) 25... Kh7 (25... Kg8 $11) 26. Bb7 (26. Rxe6 $1 $16 fxe6 27. Bxf6 gxf6 28. Qxf6) 26... Rd8 $14 27. Rxa6 Qb4 (27... Qc7 $11 28. Be4+ (28. Bxf6 gxf6 29. Bf3 f5 $11) 28... Nxe4 29. Qxe4+ Kg8) 28. Ra8 $2 (28. Bxf6 $16 {and life is bright.} gxf6 (28... Qxb7 $2 29. Rxe6 Rc8 30. Re3 $18) 29. Qxf6) 28... g5 $2 (28... Qxb7 $19 29. Rxd8 Be7) 29. Be4+ $11 Kg8 $2 (29... Kg7 $1 $11 30. Bxf6+ Kxf6) 30. Rxd8 $16 gxh4 31. Bxf6 Qa3 {[%emt 0:04:32] [#]} 32. Rd1 $2 {[%emt 0:00:29] Prevents Qc1. White has more active pieces.} ({White should play} 32. Kf1 $1 $16) 32... Be7 $11 33. Nb1 (33. Bd4 $11) 33... Qa7 $17 (33... Qxa2 $2 {loses.} 34. Bxe7 f5 35. Bf3 $18) 34. Bd4 (34. Bxe7 $142 Qxe7 35. Nc3) 34... Qxa2 (34... Bc5 $17 35. Bf6 Bxf2+ 36. Kh1 Bb6 (36... Qxa2 37. Rd8#)) 35. Nd2 $15 {[%emt 0:00:12] Ra1 would now be deadly.} Qa5 36. Nf3 f5 (36... Bd5 $15 37. Ra1 Qb5 38. Bxd5 Qxd5) 37. Bc6 (37. Ra1 $11 Qc7 38. Ba8) 37... Qc7 (37... Bc5 $17) 38. Ba4 (38. Ne5 $11 {remains equal.}) 38... Bd5 $17 39. c3 Bxf3 40. gxf3 {[%emt 0:00:03] [#]} Bc5 (40... Qa5 $1 $17 41. Bc6 Kf8) 41. Bb5 $1 $15 Bd6 (41... Bxd4 $15 42. Rxd4 Kf8) 42. Ra1 $11 Bc5 43. Bxc4+ {[%emt 0:00:00] A strong pair of Bishops.} Kh7 {[%emt 0:00:00] Strongly threatening ...Bxd4.} 44. Bd3 Bxd4 45. Bxf5+ Kh8 {[%emt 0:00:00] ( -> ...Qg3+)} 46. cxd4 {[%emt 0:00:00][%mdl 4096] Endgame KQ-KRB} Qg7+ 47. Kf1 Qxd4 48. Ra8+ Kg7 49. Be4 Qc5 50. Ra1 Qb5+ 51. Kg2 Qg5+ 52. Kh1 {[%emt 0:00:05] Rg1 would kill now.} Qc5 53. Rg1+ Kf7 54. Rg2 Qc1+ 55. Rg1 Qc5 56. Rf1 Qc8 57. Bd5+ Kf6 58. Kg2 Qd7 59. Rd1 Qg7+ 60. Kf1 Qd7 1/2-1/2